 Dungeon Crawl Stone Soup version 0.20.1-1-g8b1a95d (webtiles) character file.

1490 Danqa the Cleaver (level 8, -3/69 HPs)
             Began as a Hill Orc Fighter on Oct 3, 2017.
             Was a Follower of Beogh.
             Slain by a killer bee (4 damage)
             ... on level 8 of the Dungeon.
             The game lasted 00:13:22 (6193 turns).

Danqa the Cleaver (Hill Orc Fighter)                Turns: 6193, Time: 00:13:24

Health: -3/69      AC:  8    Str: 21    XL:     8   Next: 80%
Magic:  17/17      EV:  2    Int:  8    God:    Beogh [*.....]
Gold:   272        SH:  0    Dex: 10    Spells: 7/7 levels left

rFire    . . .     SeeInvis .   a - +0 war axe
rCold    . . .     Gourm    .   c - +0 shield
rNeg     + + +     Faith    .   b - +0 scale mail
rPois    ∞         Spirit   .   (no helmet)
rElec    .         Reflect  .   (no cloak)
rCorr    .         Harm     .   u - +0 pair of gloves
MR       .....                  (no boots)
Stlth    ..........             (no amulet)
Regen    0.3/turn               k - ring of magical power
MPRegen  0.2/turn               (no ring)

@: petrified
A: no striking features
a: Renounce Religion


You were on level 8 of the Dungeon.
You worshipped Beogh.
Beogh was aware of your devotion.
You were not hungry.

You visited 1 branch of the dungeon, and saw 8 of its levels.

You collected 272 gold pieces.

Inventory:

Hand Weapons
 a - a +0 war axe (weapon)
Armour
 b - a +0 scale mail (worn)
 c - a +0 shield (worn)
 u - a +0 pair of gloves (worn)
Jewellery
 k - a ring of magical power (left hand)
Scrolls
 e - 2 scrolls of magic mapping {unknown}
 g - a scroll of fear
 i - 11 scrolls of identify {unknown}
 j - 2 scrolls of enchant armour {unknown}
 l - a scroll of fog
 n - 2 scrolls of remove curse
 o - 2 scrolls of random uselessness {unknown}
 q - 3 scrolls of amnesia {unknown}
 r - 5 scrolls of teleportation {unknown}
 w - a scroll of blinking {unknown}
 x - a scroll of immolation {unknown}
Potions
 d - a potion of might
 h - 2 potions of resistance {unknown}
 s - a potion of brilliance {unknown}
 t - 2 potions of lignification {unknown}
 v - 4 potions of flight {unknown}
 z - 3 potions of magic {unknown}
 A - a potion of degeneration {unknown}
 B - a potion of curing {unknown}
 E - a potion of mutation {unknown}
 F - a potion of cancellation {unknown}
Books
 y - a book of Maledictions

   Spells                             Type                      Level
   a - Corona                         Hexes                        1
   b - Ensorcelled Hibernation        Hexes/Ice                    2
   c - Confuse                        Hexes                        3
   d - Tukima's Dance                 Hexes                        3
   e - Dazzling Spray                 Conjuration/Hexes            3
 D - a book of Callings

   Spells                             Type                      Level
   a - Summon Small Mammal            Summoning                    1
   b - Call Imp                       Summoning                    2
   c - Call Canine Familiar           Summoning                    3
   d - Summon Guardian Golem          Hexes/Summoning              3
   e - Summon Lightning Spire         Summoning/Air                4
   f - Summon Ice Beast               Ice/Summoning                4
Comestibles
 f - 7 bread rations
 m - 4 fruits
 C - a meat ration


   Skills:
 + Level 5.6 Fighting
 + Level 9.3 Axes
 + Level 6.0 Armour
 + Level 2.1 Dodging
 + Level 0.3 Stealth
 + Level 6.2 Shields


You had 7 spell levels left.
You didn't know any spells.

Dungeon Overview and Level Annotations

Branches:
Dungeon (8/15)             Temple (0/1) D:4            Lair (0/6) D:8

Altars:
Ashenzari
Cheibriados
Dithmenos
Fedhas
Nemelex Xobeh
Sif Muna
Trog
Yredelemnul
The Shining One

Shops:
D:6 =

Annotations:
D:7 Ferinkoo's ghost, novice MiFi


Message History

The killer bee stings you.
* * * LOW HITPOINT WARNING * * *
The elephant tramples you but does no damage.
The elephant trunk-slaps you but does no damage.
The killer bee stings you.
* * * LOW HITPOINT WARNING * * *
The killer bee stings you but does no damage.
The elephant tramples you.
* * * LOW HITPOINT WARNING * * *
You hold your ground!
The elephant trunk-slaps you but does no damage.
The killer bee barely misses you. The killer bee stings you.
* * * LOW HITPOINT WARNING * * *
The elephant tramples you!
* * * LOW HITPOINT WARNING * * *
You hold your ground!
The elephant trunk-slaps you but does no damage.
The killer bee stings you!
You die...

#.........#.#
#.........#.#
.(!..>......
#...........
#.........#
#....P..#
#..P.y§.#
#...Y@#
##§§§## #§.##
...###§###
#..H.§§..#
########<#
#.# #.# ...


You could see an elephant and a killer bee.

Vanquished Creatures
  Pikel (D:5)
  Menkaure (D:6)
  3 ogres
  2 bullfrogs
  A scorpion (D:4)
  A hound (D:4)
  2 orc priests
  A centaur skeleton (D:6)
  2 worker ants
  A worker ant zombie (D:6)
  Robin (D:4)
  13 adders
  3 gnolls (D:4)
  A shadow imp (D:6)
  An ooze (D:3)
  An adder zombie (D:6)
  A worm (D:2)
  3 dart slugs
  4 leopard geckos
  4 orcs
  2 bats
  5 giant cockroaches
  17 goblins
  4 hobgoblins
  14 jackals
  6 kobolds
  4 quokkas
  3 ball pythons
  7 frilled lizards
  2 gnoll zombies (D:6)
  8 rats
119 creatures vanquished.

Vanquished Creatures (others)
  A centaur zombie (D:5)
  An adder (D:5)
  2 orcs (D:4)
  A quokka (D:4)
5 creatures vanquished.

Grand Total: 124 creatures vanquished

Notes
Turn   | Place    | Note
-------+----------+-------------------------------------------
     0 | D:1      | Danqa the Hill Orc Fighter began the quest for the Orb.
     0 | D:1      | Reached XP level 1. HP: 19/19 MP: 1/1
    49 | D:1      | Reached XP level 2. HP: 23/27 MP: 2/2
   793 | D:1      | Reached XP level 3. HP: 30/33 MP: 3/3
  1011 | D:2      | Reached skill level 3 in Axes
  1118 | D:2      | Reached XP level 4. HP: 23/40 MP: 4/4
  1769 | D:2      | Found a sparkling altar of Nemelex Xobeh.
  1914 | D:3      | Reached skill level 4 in Axes
  2154 | D:3      | Found a glowing golden altar of the Shining One.
  2241 | D:3      | Found a snail-covered altar of Cheibriados.
  2267 | D:3      | Reached skill level 1 in Dodging
  2267 | D:3      | Reached XP level 5. HP: 40/47 MP: 5/5
  2369 | D:3      | Found a shattered altar of Ashenzari.
  2861 | D:4      | Reached skill level 5 in Axes
  3007 | D:4      | Found a blossoming altar of Fedhas.
  3011 | D:4      | Reached XP level 6. HP: 43/53 MP: 6/6
  3361 | D:4      | Became a worshipper of Beogh the Brigand
  3403 | D:4      | Found a staircase to the Ecumenical Temple.
  3409 | D:4      | Noticed Robin
  3414 | D:4      | Killed Robin
  3563 | D:4      | Reached skill level 5 in Fighting
  3563 | D:4      | Reached skill level 6 in Axes
  3563 | D:4      | Reached XP level 7. HP: 55/61 MP: 7/7
  3763 | D:5      | Entered Level 5 of the Dungeon
  3899 | D:5      | Reached skill level 5 in Armour
  3910 | D:5      | Found a shadowy altar of Dithmenos.
  3912 | D:5      | Found a deep blue altar of Sif Muna.
  3928 | D:5      | Noticed Pikel
  3947 | D:5      | Killed Pikel
  3947 | D:5      | Reached skill level 8 in Axes
  3947 | D:5      | Reached skill level 5 in Shields
  3947 | D:5      | Reached XP level 8. HP: 5/68 MP: 8/8
  4508 | D:5      | Found a deep blue altar of Sif Muna.
  4663 | D:6      | Found Fani's Jewellery Shoppe.
  4821 | D:6      | Noticed Menkaure
  4827 | D:6      | Reached * piety under Beogh
  4832 | D:6      | Killed Menkaure
  5041 | D:6      | Found a bloodstained altar of Trog.
  5121 | D:6      | Found a basalt altar of Yredelemnul.
  5624 | D:7      | Reached skill level 9 in Axes
  5667 | D:7      | Noticed Ferinkoo's ghost (novice MiFi)
  6175 | D:8      | Noticed a hippogriff
  6177 | D:8      | Found a staircase to the Lair.
  6177 | D:8      | Noticed an elephant
  6193 | D:8      | HP: 1/69 [elephant (5)]
  6193 | D:8      | Slain by a killer bee

Skill      XL: |  1  2  3  4  5  6  7  8 |
---------------+-------------------------+-----
Fighting       | 4 5 |  5.6
Axes           | 3 4 5 6 8 9 |  9.3
Shields        | 4 5 6 |  6.2
Dodging        | 1 2 |  2.1
Armour         | 4 5 6 |  6.0
Stealth        | |  0.3

Action                   |  1- 3 |  4- 6 |  7- 9 || total
-------------------------+-------+-------+-------++-------
Melee: War axe           |   123 |   188 |   141 ||   452
Invok: Convert to Beogh  |       |     1 |       ||     1
  Use: Potion            |     1 |       |       ||     1
       Scroll            |       |       |     3 ||     3
  Eat: Chunk             |       |     8 |     3 ||    11
       Royal jelly       |       |       |     3 ||     3
Armor: Scale mail        |    75 |    91 |    55 ||   221
Dodge: Dodged            |    37 |    42 |    43 ||   122
Block: Shield            |    85 |    97 |    90 ||   272
